cohdb
Replays
Latest Replays
All Replays
Popular Replays
Top Player Replays
Match Explorer
How It Works
Community
CoH3 Stats
Reddit
Sign in to upload your games and track your stats! →
Sign in with Steam
Match 42869907
Unlisted
Match 42869907
Overview
Messages
Build Orders
End
Vickers Machine Gun Team
Construct Section Command Post
Selects Canadian Shock Battlegroup
Selects Canadian Shock Battlegroup
Infantry Section
Infantry Section
Grenade Package
Infantry Section
Selects Incendiary Munitions
Construct Field Infirmary
Construct Platoon Command Post
Selects Offensive Resupply
Selects Canadian Shock Section
Humber Armored Car
6-pounder Anti-tank Gun Team
Selects Pyrotechnics
Infantry Section
Construct Field Infirmary
Canadian Shock Section
Infantry Training
Selects Smoke Operation
Construct Company Command Post
STALKER4732
kit.ohume
Devochkin
MatioS
Zbirga
Rob
0
0
Comments
sign in to comment!
No comments posted yet!